 Dungeon Crawl Stone Soup version 0.29-a0-333-gb4c28e87c6 (webtiles) character file.

Game seed: 8176876416967827263

7 Jortsu the Skirmisher (level 1, 18/18 HPs)
             Began as a Demonspawn Fighter on Apr 13, 2022.
             Was a Follower of Vehumet.
             Quit the game on level 1 of the Dungeon.
             The game lasted 00:00:26 (258 turns).

Jortsu the Skirmisher (Demonspawn Fighter)           Turns: 258, Time: 00:00:27

Health: 18/18      AC:  6    Str: 16    XL:     1   Next: 83%
Magic:  1/1        EV:  8    Int:  9    God:    Vehumet [*.....]
Gold:   16         SH:  4    Dex: 12    Spells: 0/0 levels left

rFire   . . .      SeeInvis .   a - +0 war axe
rCold   . . .      Faith    .   c - +0 buckler
rNeg    . . .      Spirit   .   b - +0 scale mail
rPois   .          Reflect  .   (no helmet)
rElec   .          Harm     .   (no cloak)
rCorr   .          Rampage  .   (no gloves)
Will    .....                   (no boots)
Stlth   ..........              (no amulet)
HPRegen 0.06/turn               (no ring)
MPRegen 0.07/turn               (no ring)

@: no status effects
A: no striking features
a: Renounce Religion


You were on level 1 of the Dungeon.
You worshipped Vehumet.
Vehumet was aware of your devotion.
You visited 1 branch of the dungeon, and saw 1 of its levels.

You collected 16 gold pieces.

Inventory:

Hand Weapons
 a - a +0 war axe (weapon)
Armour
 b - a +0 scale mail (worn)
 c - a +0 buckler (worn)
Jewellery
 e - a ring of positive energy
Potions
 d - a potion of might


   Skills:
 + Level 3.1 Fighting
 + Level 1.9 Axes
 + Level 2.8 Armour
 + Level 2.8 Shields


You couldn't memorise any spells.
You didn't know any spells.
Your spell library was empty.

Dungeon Overview and Level Annotations

Branches:
Dungeon (1/15)

Altars:
Vehumet
Beogh


Message History

You closely miss the giant cockroach.
The giant cockroach is severely wounded.
The giant cockroach bites you. x2
You barely miss the giant cockroach.
The giant cockroach is severely wounded.
The giant cockroach barely misses you. x2
You barely miss the giant cockroach.
The giant cockroach is severely wounded.
You block the giant cockroach's attack.
You hit the giant cockroach.
You kill the giant cockroach!
A rat comes into view.
The rat moves out of view.
A rat is nearby!
You see here 8 gold pieces.
The rat bites you.
You barely miss the rat. You block the rat's attack.
The rat closely misses you.
You slash the rat!
You kill the rat!
You see here a rat corpse.
You now have 16 gold pieces (gained 8).
You open the door.
Found a merfolk skeleton.
There is an open door here.
You see here a merfolk skeleton.
There is an open door here.
You open the door.
Found a merfolk skeleton.
You open the door.
Found a stone.
Found a faded altar of an unknown god.
There is an open door here.
There is a faded altar of an unknown god here.
You see here a stone.
You cannot tell which god this altar belongs to.
Convert to them anyway?
Vehumet accepts your prayer! Vehumet welcomes you!
You can now gain magical power from killing.
Vehumet offers you knowledge of Sandblast.
Are you sure you want to abandon this character and quit the game? (Confirm with "yes".)

#.♣.≈.♣.#.#......#
#...≈...#........#
#.8.≈.8.#........#
#...≈...#.....####
###...####....##########
##<## ###............#
###.................#
......>#.###.....#
##########@#.....#
###'###...###
##.....##....#
##.......####.#
#.........#...#
#...§§§.......#
###..§#§#.......#
#÷'.§§§§§.....⌠.##
###...#≈#........#


There were no monsters in sight!

Vanquished Creatures
  A giant cockroach (D:1)
  2 goblins (D:1)
  A quokka (D:1)
  A ball python (D:1)
  A rat (D:1)
6 creatures vanquished.

Notes
Turn   | Place    | Note
-------+----------+-------------------------------------------
     0 | D:1      | Jortsu the Demonspawn Fighter began the quest for the Orb.
     0 | D:1      | Reached XP level 1. HP: 18/18 MP: 1/1
   254 | D:1      | Found a faded altar of an unknown god.
   257 | D:1      | Prayed at the altar of an unknown god.
   257 | D:1      | Became a worshipper of Vehumet
   257 | D:1      | Reached * piety under Vehumet
   257 | D:1      | Offered knowledge of Sandblast by Vehumet.
   258 | D:1      | Quit the game

Illustrated notes

Levels and vault maps discovered:
D:1:      mainiacjoe_arrival_reflecting_pool, layout_basic,
          hellmonk_ecumenical_altar_defaced_shrine, serial_forest,
          infiniplex_forest_lined_1, infiniplex_forest_join,
          infiniplex_forest_lined_room_2, infiniplex_forest_lined_4_way,
          infiniplex_forest_straight_2

Action                   || total
-------------------------++-------
Melee: War axe           ||    23
Armor: Scale mail        ||    11
Dodge: Dodged            ||     7
Block: Buckler           ||     5

Table legend: (Time is in decaauts)
 A = Elapsed time spent in this place.
 B = Non-inter-level travel time spent in this place.
 C = Inter-level travel time spent in this place.
 D = Time resting spent in this place.
 E = Time spent auto-exploring this place.
 F = Levels seen in this place.
 G = Mean time per level.
                   A        B        C        D        E       F      G
               +--------+--------+--------+--------+--------+-----+--------+
         Total |    268 |    268 |      0 |      0 |    196 |   1 |  268.0 |
       Dungeon |    268 |    268 |      0 |      0 |    196 |   1 |  268.0 |
               +--------+--------+--------+--------+--------+-----+--------+

Top non-repeatable levels by time:
     D:1: 268 daAuts
